 Dungeon Crawl Stone Soup version 0.28-a0-883-gc8d7bad45d (webtiles) character file.

Game seed: 9915754972621080459

72 porpoise the Conjurer (level 4, -4/24 HPs)
             Began as a Deep Elf Conjurer on Nov 22, 2021.
             Slain by a gnoll (6 damage)
             ... on level 3 of the Dungeon.
             The game lasted 00:06:12 (2571 turns).

porpoise the Conjurer (Deep Elf Conjurer)           Turns: 2571, Time: 00:06:14

Health: -4/24      AC:  2    Str:  4    XL:     4   Next: 6%
Magic:  3/12       EV: 12    Int: 24    God:
Gold:   91         SH:  0    Dex: 13    Spells: 8/11 levels left

rFire   . . .      SeeInvis .   a - +1 whip (venom)
rCold   . . .      Faith    .   (no shield)
rNeg    . . .      Spirit   .   g - +0 robe
rPois   .          Reflect  .   (no helmet)
rElec   .          Harm     .   (no cloak)
rCorr   .          Rampage  .   (no gloves)
Will    .....                   (no boots)
Stlth   ++........              (no amulet)
HPRegen 0.08/turn               (no ring)
MPRegen 0.13/turn               (no ring)

@: lethally poisoned (-4 -> -15)
A: no striking features
a: no special abilities


You were on level 3 of the Dungeon.
You visited 1 branch of the dungeon, and saw 3 of its levels.

You collected 91 gold pieces.

Inventory:

Hand Weapons
 a - a +1 whip of venom (weapon)
Missiles
 c - 5 datura-tipped darts
 f - 78 stones
 n - 17 sling bullets
Armour
 g - a +0 robe (worn)
Scrolls
 b - a scroll of identify
 d - a scroll of enchant weapon
 l - a scroll of amnesia {unknown}
 m - a scroll of magic mapping {unknown}
Potions
 e - a potion of flight {unknown}
 h - a potion of degeneration {unknown}
 i - 3 potions of heal wounds
 k - a potion of berserk rage {unknown}
 o - a potion of curing {unknown}


   Skills:
 - Level 2.4 Dodging
 + Level 3.3 Stealth
 * Level 4.4 Spellcasting
 * Level 5.1 Conjurations


You had 8 spell levels left.
You knew the following spells:

 Your Spells              Type           Power      Damage    Failure   Level
a - Magic Dart            Conj           100%       1d8       1%          1
b - Searing Ray           Conj           60%        2d6       1%          2

Your spell library contained the following spells:

 Spells                   Type           Power      Damage    Failure   Level
 Sting                    Tmut/Pois      20%        1d4       10%         1
 Dazzling Flash           Conj/Hex       34%        N/A       10%         3
 Corpse Rot               Necr/Air       10%        N/A       14%         2
 Poisonous Vapours        Pois/Air       10%        N/A       14%         2
 Frozen Ramparts          Ice            10%        1d3       28%         3
 Fulminant Prism          Conj/Hex       8%         3d7       32%         4
 Iskenderun's Mystic Bla  Conj/Tloc      17%        2d5       32%         4
 Ice Form                 Ice/Tmut       5%         N/A       67%         4
 Olgreb's Toxic Radiance  Pois           5%         N/A       67%         4
 Summon Ice Beast         Ice/Summ       5%         N/A       67%         4


Dungeon Overview and Level Annotations

Branches:
Dungeon (3/15)

Altars:


Message History

(Press . to maintain the ray.)
The searing ray misses the gnoll.
The searing ray misses the gnoll.
The searing ray hits the gnoll.
The gnoll is almost dead.
You finish channelling your searing ray.
A gnoll comes into view. It is wielding a +0 spear of venom.
The gnoll hits you with a +0 flail.
The gnoll shouts!
Casting: Searing Ray (safe; 1% risk of failure)
Confirm with . or Enter, or press ? or * to list all spells.
Aiming: Searing Ray (safe; 1% risk of failure)
Press: ? - help, Shift-Dir - straight line, f/p - gnoll
Aim: a gnoll, wielding a +0 flail (almost dead, 82% to hit)
The searing ray hits the gnoll.
You kill the gnoll! (Press . to maintain the ray.)
The gnoll shouts!
You have reached level 4!
You feel clever.
As you read the scroll labelled ZUPNIE COURRO, it crumbles to dust.
It is a scroll of identify.
i - 3 potions of heal wounds The gnoll barely misses you.
The gnoll hits you from afar with a +0 spear of venom.
You are poisoned.
As you read the scroll labelled MECISU DIUFO, it crumbles to dust.
It is a scroll of enchant weapon.
Your +0 whip of venom glows red for a moment.
You feel sick.
The gnoll hits you from afar with a +0 spear of venom.
You are lethally poisoned!
As you read the scroll labelled TESIOQ LOARHUS, it crumbles to dust.
Your body is wracked with pain!
* * * LOW HITPOINT WARNING * * *
The gnoll convulses! x2; It was a scroll of torment.
* * * LOW HITPOINT WARNING * * *
You feel very sick. The gnoll hits you with a +0 whip.
You die...

.
#....####################..##
#............................
#..........................#.
#..........................#+
##............................
#..)..........##.#.......#....
#.............##.#.#######..#.
#............g##.#...# ##...
#..........g.@.#.###.# ###.
##############.#.# #.# #...
######...###.### #.#.
#.........##...####...
#.........#.........#.
#.........'...........
#.........#...........
#.........####'####...
#....(....# #.# #.#.


You could see 2 gnolls.

Vanquished Creatures
  3 adders
  A gnoll (D:3)
  2 dart slugs
  An orc (D:3)
  2 endoplasms
  A giant cockroach (D:3)
  3 goblins
  5 hobgoblins
  A kobold (D:2)
  A quokka (D:2)
  2 ball pythons (D:1)
  3 bats
  A frilled lizard (D:1)
  3 rats
29 creatures vanquished.

Vanquished Creatures (others)
  A fungus (D:2)
  A plant (D:2)
2 creatures vanquished.

Grand Total: 31 creatures vanquished

Notes
Turn   | Place    | Note
-------+----------+-------------------------------------------
     0 | D:1      | porpoise the Deep Elf Conjurer began the quest for the Orb.
     0 | D:1      | Reached XP level 1. HP: 10/10 MP: 6/6
   891 | D:1      | Reached XP level 2. HP: 15/15 MP: 6/8
   894 | D:1      | Learned a level 2 spell: Searing Ray
  1337 | D:2      | Found a faded altar of an unknown god.
  1358 | D:2      | Reached XP level 3. HP: 19/19 MP: 3/10
  1903 | D:3      | Reached skill level 5 in Conjurations
  2559 | D:3      | Reached XP level 4. HP: 17/24 MP: 1/12
  2571 | D:3      | Slain by a gnoll

Illustrated notes

Levels and vault maps discovered:
D:1:      ncdulo_wetmaze, layout_loops_cross, minmay_misc_feat_tower,
          st_stairs_12
D:2:      layout_basic, shapermc_ecumenical_altar_rom_forum
D:3:      layout_basic, minmay_hedge_maze, st_stairs_12,
          minmay_goblin_kobold_house

Skill      XL: |  1  2  3 |
---------------+----------+-----
Stealth        | 3 |  3.3
Spellcasting   | 4 |  4.4
Conjurations   | 5 |  5.1
Dodging        | |  2.4

Action                   |  1- 3 |  4- 6 || total
-------------------------+-------+-------++-------
 Cast: Magic Dart        |    44 |       ||    44
       Searing Ray       |     7 |       ||     7
  Use: Scroll            |       |     3 ||     3
Dodge: Dodged            |     2 |     1 ||     3

Table legend: (Time is in decaauts)
 A = Elapsed time spent in this place.
 B = Non-inter-level travel time spent in this place.
 C = Inter-level travel time spent in this place.
 D = Time resting spent in this place.
 E = Time spent auto-exploring this place.
 F = Levels seen in this place.
 G = Mean time per level.
                   A        B        C        D        E       F      G
               +--------+--------+--------+--------+--------+-----+--------+
         Total |   2578 |   2484 |     94 |    943 |   1298 |   3 |  859.3 |
       Dungeon |   2578 |   2484 |     94 |    943 |   1298 |   3 |  859.3 |
               +--------+--------+--------+--------+--------+-----+--------+

Top non-repeatable levels by time:
     D:1: 1122 daAuts
     D:3: 770 daAuts
     D:2: 686 daAuts
